 Dungeon Crawl Stone Soup version 0.24-a0-375-g4de66ed42b (webtiles) character file.

Game seed: 5352648544051543290

415 ohad the Insei (level 6, -3/42 HPs)
             Began as an Octopode Transmuter on May 31, 2019.
             Slain by a centaur skeleton (6 damage)
             ... on level 4 of the Dungeon.
             The game lasted 00:08:16 (3724 turns).

ohad the Insei (Octopode Transmuter)                Turns: 3724, Time: 00:08:16

Health: -3/42      AC:  2    Str: 10    XL:     6   Next: 92%
Magic:  3/10       EV: 21    Int: 17    God:
Gold:   134        SH:  0    Dex: 17    Spells: 1/11 levels left

rFire    . . .     SeeInvis .     - Unarmed
rCold    . . .     Gourm    .   (shield currently unavailable)
rNeg     . . .     Faith    .   (helmet currently unavailable)
rPois    x         Spirit   .   (no amulet)
rElec    .         Reflect  .   (no ring)
rCorr    .         Harm     .   (no ring)
MR       .....                  (no ring)
Stlth    ++........             (no ring)
HPRegen  0.14/turn              (no ring)
MPRegen  0.12/turn              (no ring)
                                (no ring)
                                (no ring)

@: spider-form, very slightly contaminated
A: tiny, almost no armour, stealthy swim, (amphibious), 8 rings, (constrict 8)
a: End Transformation


You were on level 4 of the Dungeon.
You were hungry.
You were a venomous arachnid creature.
You visited 1 branch of the dungeon, and saw 4 of its levels.

You collected 134 gold pieces.

Inventory:

Hand Weapons
 d - a +0 short sword of electrocution
 s - a +2 dagger of protection
Missiles
 a - 58 arrows
 o - 8 poisoned darts (quivered)
Wands
 t - a wand of polymorph (5)
Scrolls
 e - 3 scrolls of enchant armour {unknown}
 f - 2 scrolls of amnesia {unknown}
 g - 4 scrolls of blinking {unknown}
 h - a scroll of enchant weapon {unknown}
 j - 4 scrolls of identify {unknown}
 m - 3 scrolls of remove curse {unknown}
 p - a scroll of magic mapping {unknown}
 r - a scroll of noise {unknown}
Potions
 b - a potion of degeneration {unknown}
 i - a potion of berserk rage {unknown}
 k - 3 potions of haste {unknown}
 l - 2 potions of flight {unknown}
 n - a potion of agility {unknown}
 q - a potion of curing {unknown}
Comestibles
 c - 7 rations


   Skills:
 - Level 3.0 Fighting
 - Level 3.0 Dodging
 - Level 4.7 Unarmed Combat
 - Level 3.1 Spellcasting
 - Level 3.2 Transmutations
 + Level 1.7 Ice Magic


You had one spell level left.
You knew the following spells:

 Your Spells              Type           Power        Failure   Level  Hunger
a - Beastly Appendage     Tmut           ##....       14%         1    None
b - Sticks to Snakes      Tmut           ##......     19%         2    ##.....
c - Spider Form           Tmut/Pois      #.........   47%         3    ###....
d - Ice Form              Ice/Tmut       ##......     73%         4    ####...

Your spell library contained the following spells:

 Spells                   Type           Power        Failure   Level  Hunger
 Blade Hands              Tmut           ##........   90%         5    ######.


Dungeon Overview and Level Annotations

Branches:
Dungeon (4/15)
 Temple: D:4-7

Altars:
Cheibriados
Nemelex Xobeh
Okawaru

Shops:
D:4 (


Innate Abilities, Weirdness & Mutations

You cannot wear most types of armour.
You are very stealthy in the water. (Stealth+)
((You are amphibious.))
You can wear up to eight rings at the same time.
((You can use your tentacles to constrict eight enemies at once.))
((Your skin changes colour to match your surroundings (Stealth+).))
((Your rubbery body absorbs attacks. (AC +1, EV +1)))


Message History

The orc wizard completely misses you. The centaur skeleton hits you.
The orc wizard struggles to escape constriction.
Unknown command.
You tentacle-slap the orc wizard.
The orc wizard is almost dead.
You constrict the orc wizard.
You kill the orc wizard!
The centaur skeleton misses you. The centaur skeleton hits you.
The centaur skeleton misses you. The centaur skeleton hits you!
* * * LOW HITPOINT WARNING * * *
You see here 14 stones.
The centaur skeleton hits you!
* * * LOW HITPOINT WARNING * * *
Casting: Spider Form (safe; 26% risk of failure)
Confirm with . or Enter, or press ? or * to list all spells.
You turn into a venomous arachnid creature.
The centaur skeleton hits you.
You die...

#.........#........
#.........#.######.
#.........#.######.
+..................
##.##...###.######. #.##.#.#
#........ #.#....# #..######
#.#..#####..# #s#.........#####
#Z#.#######.#...##
################o#.#####.......'.
..............(.o..............##
......)..........#.#####.#..#####
##################)# #.#..##...
#####'#####.#..##...
#.........#.#..##...
#.........#.#...####


You could see 2 orcs and a centaur skeleton.

Vanquished Creatures
  A howler monkey (D:4)
  A hound (D:4)
  An iguana (D:4)
  4 orc wizards
  2 worker ants (D:4)
  A howler monkey skeleton (D:4)
  5 adders
  2 oozes
  2 worms (D:2)
  3 dart slugs
  2 leopard geckos
  4 orcs (D:4)
  4 giant cockroaches
  10 goblins
  8 hobgoblins
  11 jackals
  A quokka (D:2)
  A ball python (D:3)
  8 bats
  2 frilled lizards
  3 kobolds
  8 rats
84 creatures vanquished.

Notes
Turn   | Place    | Note
-------+----------+-------------------------------------------
     0 | D:1      | ohad the Octopode Transmuter began the quest for the Orb.
     0 | D:1      | Reached XP level 1. HP: 13/13 MP: 3/3
   258 | D:1      | Reached XP level 2. HP: 9/19 MP: 3/5
   900 | D:1      | Reached XP level 3. HP: 22/25 MP: 6/6
   904 | D:1      | Learned a level 2 spell: Sticks to Snakes
   908 | D:1      | Learned a level 3 spell: Spider Form
  1742 | D:2      | Reached XP level 4. HP: 31/31 MP: 5/7
  2181 | D:3      | Reached skill level 4 in Unarmed Combat
  2252 | D:3      | Found a sparkling altar of Nemelex Xobeh.
  2498 | D:3      | Found a faded altar of an unknown god.
  2538 | D:3      | Found a snail-covered altar of Cheibriados.
  2747 | D:4      | Reached XP level 5. HP: 36/36 MP: 4/8
  3180 | D:4      | Reached XP level 6. HP: 31/42 MP: 5/9
  3480 | D:4      | Found Reoph's Antique Weapon Emporium.
  3614 | D:4      | Learned a level 4 spell: Ice Form
  3660 | D:4      | Reached skill level 1 in Ice Magic
  3673 | D:4      | Found an iron altar of Okawaru.
  3722 | D:4      | HP: 2/42 [centaur skeleton (7)]
  3724 | D:4      | Slain by a centaur skeleton

Levels and vault maps discovered:
D:1:      ebering_trefoil_twist, layout_basic
D:2:      layout_loops_corners
D:3:      layout_rooms, nemelex_xobeh_ov_fountains_minmay, cheibriados_altar_1,
          chequers_ecumenical_altar_simple_redux, minmay_close_crescents
D:4:      layout_basic, kennysheep_okawaru_gauntlet, serial_shops,
          nicolae_shop_competitors_out_of_business, first_ration

Skill      XL: |  1  2  3  4  5  6 |
---------------+-------------------+-----
Fighting       | 2 3 |  3.0
Unarmed Combat | 4 |  4.7
Dodging        | 3 |  3.0
Transmutations | 3 |  3.2
Spellcasting   | 3 |  3.1
Ice Magic      | 1 |  1.7

Action                   |  1- 3 |  4- 6 || total
-------------------------+-------+-------++-------
Melee: Unarmed           |    85 |   127 ||   212
       Constrict         |    22 |    26 ||    48
       Tentacles         |    10 |    15 ||    25
       Kick              |     2 |     7 ||     9
       Punch             |     1 |     4 ||     5
 Cast: Beastly Appendage |     8 |     8 ||    16
       Spider Form       |       |     9 ||     9
 Stab: Sleeping          |     8 |     6 ||    14
  Eat: Chunk             |     3 |     7 ||    10
Armor: Skin              |    13 |    12 ||    25
Dodge: Dodged            |    73 |    82 ||   155

Table legend:
 A = Non-vault XP
 B = Vault XP
 C = Vault XP percentage of total XP
 D = Non-vault monster count
 E = Vault monster count
 F = Vault count percentage of total count
                 A         B        C        D         E       F
            +---------+---------+-------+---------+---------+-------
      Total |     581 |      13 |   2.2 |      79 |       5 |   6.0
            +---------+---------+-------+---------+---------+-------
        D:1 |      38 |       0 |   0.0 |      20 |       0 |   0.0
        D:2 |      59 |       0 |   0.0 |      21 |       0 |   0.0
        D:3 |      88 |       9 |   9.3 |      19 |       3 |  13.6
        D:4 |     396 |       4 |   1.0 |      19 |       2 |   9.5
            +---------+---------+-------+---------+---------+-------
